cohdb
Replays
Latest Replays
All Replays
Popular Replays
Top Player Replays
Match Explorer
How It Works
Community
CoH3 Stats
Reddit
Sign in to upload your games and track your stats! →
Sign in with Steam
Match 39128509
Unlisted
Match 39128509
Overview
Messages
Build Orders
End
Construct Barracks
Riflemen Squad
Riflemen Squad
Riflemen Squad
Grenade Package
Infantry Support Center
Selects Advanced Infantry Battlegroup
Selects Advanced Infantry Battlegroup
Selects Ammunition Storage
Selects M2A1 105mm Howitzer Emplacement
M1918 Browning Automatic Rifles
Engineer Squad
Selects 155mm Rapid Artillery Barrage
155mm Rapid Artillery Barrage
Selects Convert to Ranger Squad
Selects Frontline Medical Station
Frontline Medical Station
Construct Tank Depot
Convert to Ranger Squad
Engineer Squad
Selects Infantry Assault
Infantry Assault
류토
쏘우세지
돔황챠
[USS] Felthecat
Nuclear Viking
JMT
『KAIROCK』
simiver
0
0
Comments
sign in to comment!
No comments posted yet!